Cogmind - Beta 10.2 @@@ ROGUE MODE // 2021.01.30 @ 12:53:43 Player: Exp. Geonium Core Result: Self-destructed Performance ------------- Evolutions (1) 500 Regions Visited (2) 400 Robots Destroyed (2) 10 Value Destroyed (51) 51 Prototype IDs (0) 0 Alien Tech Used (0) 0 Bonus (0) 0 TOTAL SCORE: 961 Bonus ------- None Cogmind --------- Core Integrity 36/400 Matter 283/300 Energy 99/100 System Corruption 4% Temperature Cool (0) Movement Core (50) Location -9/Materials Parts ------- > --- POWER (1) -------- (None) > --- PROPULSION (2) --- (None) > --- UTILITY (4) ------ (None) > --- WEAPON (2) ------- (None) > --- INVENTORY (4) ---- Small Storage Unit Peak State ------------ > --- POWER ------------ Ion Engine > --- PROPULSION ------- Compact Wheel Compact Wheel > --- UTILITY ---------- Hardened Light Armor Plating Hardened Light Armor Plating Hardened Light Armor Plating Hardened Light Armor Plating > --- WEAPON ----------- (None) > --- INVENTORY -------- Compact Wheel Small Storage Unit [Rating: 11] Favorites ----------- Power Ion Engine Engine Ion Engine Propulsion Compact Wheel Wheel Compact Wheel Utility Hardened Light Armor Plating Protection Hardened Light Armor Plating Weapon Assault Rifle Ballistic Gun Assault Rifle Build | -11 -10 -9 ------- Run | Scr Mat Mat Slots Evolved 2 | . . 2 Power . | . . . Propulsion . | . . . Utility 2 | . . 2 Weapon . | . . . Parts Attached 11 | 5 2 4 Power 1 | 1 . . Engine 1 | 1 . . Core . | . . . Reactor . | . . . Propulsion 4 | 2 . 2 Treads . | . . . Leg . | . . . Wheel 4 | 2 . 2 Hover . | . . . Flight . | . . . Utility 4 | . 2 2 Device . | . . . Storage . | . . . Processor . | . . . Hackware . | . . . Protection 4 | . 2 2 Artifact . | . . . Weapon 2 | 2 . . Energy Gun . | . . . Energy Cannon . | . . . Ballistic Gun 2 | 2 . . Ballistic Cannon . | . . . Launcher . | . . . Special Weapon . | . . . Impact Weapon . | . . . Slashing Weapon . | . . . Piercing Weapon . | . . . Special Melee Weapon . | . . . Unidentified Prototypes . | . . . Parts Lost 10 | . . 10 Power 1 | . . 1 Propulsion 3 | . . 3 Utility 4 | . . 4 Weapon 2 | . . 2 Highest Loss Streak 8 | . . 8 Average Slot Usage (%) 79 | . 98 59 Engine 11 | . 14 8 Wheel 21 | . 28 15 Protection 26 | . 26 26 Ballistic Gun 18 | . 28 8 Naked Turns 22 | . . 22 Heaviest Build 25 | 8 18 25 Greatest Support 32 | 32 32 32 Greatest Overweight (x) 6 | . . 6 Average Overweight (x) . | . . . Largest Inventory Capacity 4 | 4 4 4 Average Capacity 4 | 4 4 4 Most Carried 4 | 3 4 4 Average Carried 3 | 1 3 2 Final Capacity 4 | 4 4 4 Final Carried 4 | 3 4 1 Class Distribution -------------------- 100% | Mutant Dominant Class ---------------- Mutant | -10/Materials Mutant | -9/Materials Resources | -11 -10 -9 ----------- Run | Scr Mat Mat Matter Collected 244 | 188 . 56 Remotely . | . . . Salvage Created 140 | 84 . 56 Parts 7 | 2 . 5 Haulers Intercepted . | . . . Recyclers Shooed . | . . . Parts Field Recycled . | . . . Retrieved Matter . | . . . Parts Self-Destructed . | . . . Prevented . | . . . Kills | -11 -10 -9 ------- Run | Scr Mat Mat Combat Hostiles Destroyed 1 | . . 1 Guns 1 | . . 1 Classes Destroyed 2 | 1 . 1 Recycler 1 | 1 . . Sentry 1 | . . 1 Best Kill Streak 1 | 1 . 1 Combat Bots Only 1 | . . 1 Max Kills in Single Turn 1 | 1 . 1 Gunslinging . | . . . Exploded . | . . . Melee . | . . . Uniques/NPCs Destroyed . | . . . Combat | -11 -10 -9 -------- Run | Scr Mat Mat Damage Taken 1453 | . 148 1305 Core 378 | . 14 364 Absorbed by Shields . | . . . Core Remaining (%) 97 | 100 94 . Volleys Fired 12 | 3 . 9 Largest 2 | 2 . 2 Hottest 40 | 40 . 40 Shots Fired 22 | 6 . 16 Gun 22 | 6 . 16 Cannon . | . . . Launcher . | . . . Special . | . . . Kinetic 22 | 6 . 16 Thermal . | . . . Explosive . | . . . Electromagnetic . | . . . Robot Hit Streak 8 | 3 . 8 Robot Miss Streak 3 | 1 . 3 Penetration Max . | . . . Secondary Targets . | . . . Shots Hit Robots 15 | 4 . 11 Core Hits 11 | 2 . 9 Critical Hits . | . . . Critical Kills . | . . . Critical Parts Destroyed . | . . . Melee Attacks . | . . . Impact . | . . . Slashing . | . . . Piercing . | . . . Sneak Attacks . | . . . Combat Hostiles . | . . . Follow-up Attacks . | . . . Damage Inflicted 206 | 48 5 153 Guns 159 | 48 . 111 Cannons . | . . . Explosions . | . . . Melee . | . . . Ramming 47 | . 5 42 Kinetic 159 | 48 . 111 Thermal . | . . . Explosive . | . . . Electromagnetic . | . . . Impact . | . . . Slashing . | . . . Piercing . | . . . Highest Corruption 4 | . 1 4 Average Corruption 1 | . 1 2 Corruption Purged . | . . . Effects 1 | . . 1 Heat Flow Errors 1 | . . 1 Overload Shots . | . . . Overflow Damage . | . . . Projectiles . | . . . Explosions . | . . . Melee . | . . . Knockbacks . | . . . Impact . | . . . Kinetic . | . . . Secondary . | . . . Self-Inflicted Damage 20 | . 2 18 Shots . | . . . Rammed 13 | . 1 12 Targets Rammed 13 | . 1 12 Kicked . | . . . Crushed . | . . . Highest Temperature 268 | . . 268 Average Temperature 45 | . . 45 Received Heat Transfer 540 | . 87 453 Siege Activations . | . . . Robots Corrupted . | . . . Combat Hostiles . | . . . Parts Fried . | . . . Impact Corruptions . | . . . Robots Melted . | . . . Combat Hostiles . | . . . Parts Melted . | . . . Heat Transferred . | . . . Parts Sabotaged . | . . . Parts Stolen . | . . . Parts Stripped . | . . . Power Chain Reactions . | . . . Missiles Intercepted . | . . . Alert | -11 -10 -9 ------- Run | Scr Mat Mat Peak Influence 67 | 5 54 67 Initial 22 | . 3 22 Average 31 | 2 30 40 Maximum Alert Level . | . . . Low Security (%) 100 | 100 100 100 Level 1 . | . . . Level 2 . | . . . Level 3 . | . . . Level 4 . | . . . Level 5 . | . . . High Security . | . . . Max Security . | . . . Squads Dispatched 2 | . . 2 Investigation . | . . . Extermination . | . . . Reinforcement 2 | . . 2 Assault . | . . . Garrison . | . . . Intercept . | . . . Construction Impeded . | . . . Haulers Reinforced . | . . . Stealth | -11 -10 -9 --------- Run | Scr Mat Mat Distress Signals 4 | . . 4 Communications Jammed . | . . . Distress Signals . | . . . Times Spotted 27 | . 6 21 Peak Tracking Total 16 | . 4 16 Tactical Retreats 1 | . 1 . Traps | -11 -10 -9 ------- Run | Scr Mat Mat Traps Triggered 1 | . 1 . Indirectly . | . . . Trap Hack Attempts . | . . . Triggered . | . . . Disarmed . | . . . Reprogrammed . | . . . Reused . | . . . Traps Extracted . | . . . Installed . | . . . Triggered . | . . . Machines | -11 -10 -9 ---------- Run | Scr Mat Mat Machines Disabled . | . . . Max in Single Turn . | . . . Machines Sabotaged . | . . . Garrisons Compromised . | . . . Overloaded Fab Kills . | . . . Fab Network Shutdowns . | . . . Hacking | -11 -10 -9 --------- Run | Scr Mat Mat Machines Accessed 3 | . 2 1 Terminals 3 | . 2 1 Fabricators . | . . . Repair Stations . | . . . Recycling Units . | . . . Scanalyzers . | . . . Garrison Access . | . . . Total Hacks 4 | . 3 1 Successful 2 | . 1 1 Failed 2 | . 2 . Catastrophic 1 | . 1 . Database Lockouts . | . . . Manual 4 | . 3 1 Terminals 4 | . 3 1 Fabricators . | . . . Repair Stations . | . . . Recycling Units . | . . . Scanalyzers . | . . . Garrison Access . | . . . Terminal Hacks 1 | . . 1 Branch Access Points 1 | . . 1 Fabricator Hacks . | . . . Repair Station Hacks . | . . . Recycling Unit Hacks . | . . . Scanalyzer . | . . . Garrison Access Hacks . | . . . Unauthorized Hacks 1 | . 1 . Terminals 1 | . 1 . Assimilate 1 | . 1 . Fabricators . | . . . Repair Stations . | . . . Recycling Units . | . . . Scanalyzers . | . . . Garrison Access . | . . . Data Cores Recovered . | . . . Used . | . . . Hacking Detections 2 | . 1 1 Full Trace Events . | . . . Feedback Events . | . . . Feedback Blocked . | . . . Robot Schematics Acquired . | . . . Robots Built . | . . . Matter . | . . . Time . | . . . Total Robot Build Rating . | . . . Part Schematics Acquired . | . . . Parts Built . | . . . Matter . | . . . Time . | . . . Total Part Build Rating . | . . . Parts Repaired . | . . . Time . | . . . Parts Recycled . | . . . Recycled Matter . | . . . Retrieved Matter . | . . . Retrieved Components . | . . . Parts Scanalyzed . | . . . Part Schematics Acquired . | . . . Parts Damaged . | . . . Bothacking | -11 -10 -9 ------------ Run | Scr Mat Mat Used RIF Installer . | . . . Robots Hacked . | . . . Non-combat . | . . . Combat . | . . . Robot Hacks Applied . | . . . Relay Couplers Released . | . . . Robots Rewired . | . . . Allies Hacked . | . . . Hacks Repelled . | . . . Allies | -11 -10 -9 -------- Run | Scr Mat Mat Total Allies 1 | . 1 . Largest Group 1 | . . 1 Highest-Rated Group 10 | . . 10 Highest-Rated Ally 10 | . . 10 Total Orders . | . . . Ally Attacks . | . . . Total Damage . | . . . Kills . | . . . Allies Corrupted . | . . . Allies Melted . | . . . Intel | -11 -10 -9 ------- Run | Scr Mat Mat Robot Analysis Total . | . . . Derelict Logs Recovered . | . . . Drone Launches . | . . . Drone Recoveries . | . . . Exploration | -11 -10 -9 ------------- Run | Scr Mat Mat Turns Passed 453 | 46 206 201 Spaces Moved 389 | 32 197 160 Core 60 | 9 . 51 Treads . | . . . Legs . | . . . Wheels 329 | 23 197 109 Hover . | . . . Flight . | . . . Fastest Speed 50 | 50 100 50 Average Speed 98 | 85 100 98 Slowest Speed 350 | 100 100 350 Overloaded Moves . | . . . Propulsion Burnouts . | . . . Robots Hopped . | . . . Cave-ins Triggered . | . . . Exploration Rate (%) 24 | 3 43 27 Regions Visited 2 Branch Regions . Pre-discovered Areas . | . . . Known Exits Taken . | . . . Unknown Exits Taken 2 | 1 1 . Scrap Searched . | . . . Spaces Dug . | . . . Terrain Destroyed . | . . . Melee . | . . . Projectile . | . . . AOE . | . . . Terrain Rammed . | . . . Walls Destroyed . | . . . Machines Disabled . | . . . Actions | -11 -10 -9 --------- Run | Scr Mat Mat Total 432 | 42 205 185 Wait 3 | . 3 . Move 387 | 31 196 160 Hop . | . . . Pick Up 5 | 3 2 . Fast Attach 7 | 5 2 . Attach 3 | . . 3 Detach . | . . . Swap 1 | . . 1 Drop 1 | . 1 . Fire 12 | 3 . 9 Melee . | . . . Ram 13 | . 1 12 Kick . | . . . Crush . | . . . Escape Stasis . | . . . Rewire . | . . . Trap . | . . . Miscellaneous . | . . . Route ------- -11/Scrapyard -10/Materials (discovered 2 exits: *Mat / [*Min]) -9/Materials (discovered 3 exits: Min / Sto x2) History --------- Turn | Location | Event 7 | -11/Scrapyard | Discovered new exit (range 15) 47 | -11/Scrapyard | Entered Materials 180 | -10/Materials | Discovered new exit (range 14) 233 | -10/Materials | Discovered new exit (range 14) 253 | -10/Materials | Entered another Materials area 253 | -9/Materials | Accompanied by 1 ally 253 | -9/Materials | Evolved 2 slots: Utility x2 306 | -9/Materials | Build established: Mutant 337 | -9/Materials | Identified exit to Mines 337 | -9/Materials | Identified exit to Storage 427 | -9/Materials | Core integrity fell below 50% 443 | -9/Materials | Core integrity fell below 20% 454 | -9/Materials | Self-destructed Last Messages --------------- 00394_ Slammed into G-34 Mercenary. 00395_ W-16 Scout sends out distress signal. 00395_ Slammed into G-34 Mercenary. 00399_ Com. Wheel destroyed. 00399_ Slammed into G-34 Mercenary. 00414_ Ion Engine destroyed. 00420_ Com. Wheel destroyed. 00420_ W-16 Scout sends out distress signal. 00420_ Hrd. Light Armor Plating destroyed. 00427_ K-01 Serf collects debris. 00429_ System corrupted: Heat flow error (+286). 00430_ Hrd. Light Armor Plating destroyed. 00430_ Critical hit. 00432_ Hrd. Light Armor Plating destroyed. 00434_ B-36 Bruiser destroyed. 00435_ G-34 Mercenary destroyed. 00437_ Slammed into S-10 Pest. 00437_ Destabilizing: System corrupted (+1). 00438_ Slammed into S-10 Pest. 00443_ K-01 Serf collects debris. Map ----- +----------------------------------------------------+ | | | | | ?????????????????????????????????????????????????? | | ?????????????????????????????????????????????????? | | ?????????????????????????????????????????????????? | | ?????????????????????????????????????????????????? | | ?????????????????????????????????????????????????? | | ?????????????????????????????????????????????????? | | ?????????????????????????????????????????????????? | | ?????????????????????????????????????????????????? | | ?????????????????????????????????????????????????? | | ?????????????????????????????????????????????????? | | ?????????????????????????????????????????????????? | | ?????????????????????????????????????????????????? | | ?????????????????????????????????????????????????? | | ?????????????????????????????????????????????????? | | ?????????????????????????????????????????????????? | | ?????????????????????????????????????????????????? | | ?????????????????????????????????????????????????? | | ??????????????????????????????????????????????? | | ?????????????????????????????????????????????? | | #??###?####???????????????????????????????????? | | #? #???????????????????????????????????? | | # """ """ #????????###########????????????????? | | # """ """ #????????# ] #????????????????? | | # """ """ #????????# @ #????????????????? | | # #????????# """"""" #????????????????? | | #? #????>???# """"""" #????????????????? | | #??? #????????# """"""" #????????????????? | | #????? #????????#s""""""" #????????????????? | | #?#+#??#+#?????????#s""""""" #????????????????? | | #?# #??# #?????????# s #????????????????? | | ### #### ##############+######????????????????? | | !* # ## #????????????????????? | | ==%= # + #????????????????????? | | %""" # ## #????????????????????? | | "Y" # ## #????????????????????? | | " " ##+######### #????????????????????? | | !![ #????????????????????? | | ] ![ +????????????????????? | | """ """ ![ #????????????????????? | | """ """ [ #????????????????????? | | ##+####### """ """ #????????????????????? | | ?? ?????# #????????????????????? | | ?? ?????# [ #????????????????????? | | ?? ?????# #### #????????????????????? | | ?? ????# ### #### #???? #????????????????????? | | ?? ????# #??+#???+#???? #????????????????????? | | ??"""???? ????????????? ?????????????????????? | | ????????? ?????????????????????????????????????? | +----------------------------------------------------+ Best States ------------- Heat Dissipation 28 Energy Generation 10 Energy Capacity 250 Matter Stores 283 Matter Capacity 300 Sight Range 16 Terrain Scan Density 10 Armor Coverage 600 Evasion (%) 50 Item Schematics ----------------- None Robot Schematics ------------------ None Fabricated ------------ Nothing Alien Tech Used ----------------- None Achievements -------------- None Challenges ------------ None Game ------ Seed LatentWeaponDissipator Manual? 0 Play Time 00:06:24 Cumulative 45.6 hours Start 2021.01.30 @ 12:49:16 End 2021.01.30 @ 12:53:43 Sessions 1 Manual Loads 0 Difficulty Rogue Special Mode None Game No. 73 Rogue 73 Adventurer 0 Explorer 0 Win Type - Total 1 Types 1/0/0/0/0/0/0/0/0 Lore% 33 Gallery% 47 Achievement% 41 Wizard Run 0 Options --------- ASCII 0 Keyboard 0 Movement Numpad Keybinds 0 Fullscreen 1 Font 18/SmallcapsGlow Map View 76x50 Tactical HUD 1 Map Filters NONE Filters NONE Steam 1 RUN: b9ae9c49-f316-42a1-8492-e579b929075b